 Dungeon Crawl Stone Soup version 0.31-a0-986-g5e6e4ef867 (webtiles) character file.

Game seed: 7236866484797556454

144 AppTheSpectato the Stinger (level 5, -2/38 HPs)
             Began as a Demonspawn Venom Mage on Nov 9, 2023.
             Slain by a hound (4 damage)
             ... on level 4 of the Dungeon.
             The game lasted 00:10:29 (3419 turns).

AppTheSpectato the Stinger (Demonspawn Venom Mage)  Turns: 3419, Time: 00:10:29

Health: -2/38      AC:  4    Str: 10 (12) XL:     5   Next: 5%
Magic:  2/9        EV: 12    Int: 15 (17) God:
Gold:   192        SH:  0    Dex: 11 (13) Spells: 7/10 levels left

rFire   . . .        d - +0 dagger
rCold   + . .        (no shield)
rNeg    . . .        a - +0 robe
rPois   .            (no helmet)
rElec   .            (no cloak)
rCorr   +            (no gloves)
SInv    .            (no boots)
Will    .....        (no amulet)
Stlth   ++           s - ring of resist corrosion
HPRegen 0.26/turn    t - ring of protection from cold
MPRegen 0.11/turn

%: no passive effects
@: no status effects
A: yellow scales 1, demonic guardian 1, foul stench 1, weakness stinger 1,
robust 1, strong 1, evolution 1
a: no special abilities


You were on level 4 of the Dungeon.
You visited 1 branch of the dungeon, and saw 4 of its levels.

You collected 192 gold pieces.

Inventory:

Hand Weapons
 d - a +0 dagger (weapon)
Armour
 a - a +0 robe (worn)
Magical Staves
 g - a staff of fire
Jewellery
 s - a ring of resist corrosion (left hand)
 t - a ring of protection from cold (right hand)
Scrolls
 h - 3 scrolls of enchant weapon {unknown}
 l - 2 scrolls of revelation {unknown}
 m - a scroll of fear {unknown}
 n - 3 scrolls of teleportation {unknown}
 o - a scroll of silence {unknown}
 u - a scroll of amnesia {unknown}
Potions
 b - a potion of magic
 c - 2 potions of enlightenment
 e - a potion of ambrosia {unknown}
 f - 2 potions of attraction
 i - a potion of might
 j - a potion of berserk rage
 k - a potion of cancellation {unknown}
 p - a potion of lignification {unknown}
 r - a potion of degeneration


   Skills:
 - Level 1.7 Dodging
 - Level 1.7 Stealth
 + Level 3.2 Spellcasting
 - Level 2.0 Transmutations
 + Level 1.3 Air Magic
 + Level 4.1 Poison Magic


You had 7 spell levels left.
You knew the following spells:

 Your Spells              Type           Power      Damage    Failure   Level
a - Sting                 Tmut/Pois      44%        1d5       5%          1
b - Poisonous Vapours     Pois/Air       20%        N/A       10%         2

Your spell library contained the following spells:

 Spells                   Type           Power      Damage    Failure   Level
 Necrotise                Necr           8%         1d4       21%         1
 Mephitic Cloud           Conj/Pois/Air  7%         N/A       28%         3
 Olgreb's Toxic Radiance  Pois           14%        N/A       34%         4
 Hailstorm                Conj/Ice       2%         3d3       52%         3
 Vampiric Draining        Necr           2%         2d6       52%         3
 Animate Dead             Necr           2%         N/A       89%         4
 Summon Ice Beast         Ice/Summ       2%         N/A       89%         4
 Agony                    Necr           2%         N/A       99%         5
 Simulacrum               Ice/Necr       1%         N/A       100%        6
 Haunt                    Necr/Summ      1%         N/A       100%        7
 Discord                  Hex            1%         N/A       100%        8
 Ignition                 Fire           1%         3d3       100%        8
 Infestation              Necr           1%         N/A       100%        8


Dungeon Overview and Level Annotations

Branches:
Dungeon (4/15)
 Temple: D:4-7

Altars:
Vehumet


Innate Abilities, Weirdness & Mutations

You are partially covered in yellow scales. (AC +2)
A weak demonic guardian rushes to your aid.
You may rarely emit foul miasma when damaged in melee.
You have a small tail.
You are robust. (+10% HP)
Your muscles are strong. (Str +4, Int/Dex -1)
You have hidden genetic potential.


Message History

The hobgoblin is poisoned.
The hound barely misses you. The hobgoblin closely misses you.
The hound bites you.
Aiming: Sting (safe; 4% risk of failure)
Press: ? - help, Q - select action, (/) - cycle Shift-Dir - straight line, f - hound, p - hobgoblin
Aim: a hound (moderately wounded, poisoned, 60% to hit)
The sting misses the hound.
The hound bites you. The hobgoblin barely misses you.
Aiming: Sting (safe; 4% risk of failure)
Press: ? - help, Q - select action, (/) - cycle Shift-Dir - straight line, f - hobgoblin, p - hound
Aim: a hobgoblin (poisoned, 71% to hit)
The sting misses the hobgoblin.
The hound bites you. The hobgoblin closely misses you.
The hound bites you but does no damage.
The gnoll sergeant looks more healthy.
The hound bites you.
Aiming: Sting (safe; 4% risk of failure)
Press: ? - help, Q - select action, (/) - cycle Shift-Dir - straight line, f - hound, p - hobgoblin
Aim: a hound (heavily wounded, poisoned, 60% to hit)
The sting hits the hound.
The hound looks even sicker.
The hound is heavily wounded.
The gnoll sergeant hits you from afar with a +0 spear!
The hobgoblin hits you but does no damage.
The hound bites you.
It was a potion of degeneration.
There was something very wrong with that liquid.
You feel weakened.
You feel dopey.
You feel clumsy. The hound bites you.
* * * LOW HITPOINT WARNING * * *
The gnoll sergeant barely misses you. The hobgoblin hits you.
* * * LOW HITPOINT WARNING * * *
A demonic guardian appears!
The gnoll closely misses you. The hound misses you.
It was a potion of mutation.
You feel extremely strange.
You feel stronger.
You feel robust.
You feel a hidden potential growing inside you.
The gnoll hits you from afar with a +0 spear.
* * * LOW HITPOINT WARNING * * *
The hobgoblin closely misses you. The gnoll sergeant barely misses you.
The gnoll misses you.
Your ufetubus hits the gnoll.
Your ufetubus closely misses the gnoll.
The hound bites you.
You die...

#..g############
..## ####. #..g#
#..### #. #...#
#....####. #...#
#......##.
#...###########
#.##....).
#.............#
.. #)####...#
###........g5.#
... #.....##..
#........gg.#
...######.###>
#.......°gh@#
............#.
#############
............#.
#...........#'
#.......†.....
#(............
#.............
#.............
#.............
#.............


You could see a gnoll sergeant, a hound (very poisoned), 2 gnolls, a hobgoblin
(poisoned) and a friendly ufetubus (summoned).

Vanquished Creatures
  A hound (D:4)
  A gnoll (D:1)
  4 adders
  A worm (D:2)
  5 dart slugs
  7 endoplasms
  3 hobgoblins
  4 jackals (D:4)
  2 quokkas
  5 ball pythons
  3 bats
  3 frilled lizards
  8 goblins
  5 kobolds
  2 rats
54 creatures vanquished.

Notes
Turn   | Place    | Note
-------+----------+-------------------------------------------
     0 | D:1      | AppTheSpectato the Demonspawn Venom Mage began the quest
                  | for the Orb.
     0 | D:1      | Reached XP level 1. HP: 13/13 MP: 3/3
   164 | D:1      | Reached skill level 1 in Transmutations
   306 | D:1      | Gained mutation: You have a small tail. [demonic ancestry]
   306 | D:1      | Reached XP level 2. HP: 19/19 MP: 1/5
   975 | D:2      | Gained mutation: You are partially covered in yellow
                  | scales. (AC +2) [demonic ancestry]
   975 | D:2      | Reached XP level 3. HP: 24/24 MP: 2/6
  1160 | D:2      | Learned a level 2 spell: Poisonous Vapours
  1566 | D:2      | Identified the +2 leather armour "Heqil Ofur" {rCorr Str+4
                  | SInv}
  1641 | D:2      | Found a faded altar of an unknown god.
  1858 | D:3      | Gained mutation: A weak demonic guardian rushes to your
                  | aid. [demonic ancestry]
  1858 | D:3      | Reached XP level 4. HP: 30/30 MP: 5/8
  1988 | D:3      | Identified the +0 hand axe of Bankruptcy {pain, rF+}
  2668 | D:3      | Found a radiant altar of Vehumet.
  3167 | D:4      | Reached skill level 1 in Air Magic
  3244 | D:4      | Reached skill level 4 in Poison Magic
  3244 | D:4      | Gained mutation: You may rarely emit foul miasma when
                  | damaged in melee. [demonic ancestry]
  3244 | D:4      | Reached XP level 5. HP: 31/35 MP: 1/9
  3419 | D:4      | Gained mutation: Your muscles are strong. (Str +4, Int/Dex
                  | -1) [potion of mutation]
  3419 | D:4      | Gained mutation: You are robust. (+10% HP) [potion of
                  | mutation]
  3419 | D:4      | Gained mutation: You have hidden genetic potential. [potion
                  | of mutation]
  3419 | D:4      | Slain by a hound

Illustrated notes

Levels and vault maps discovered:
D:1:      nicolae_arrival_memento_mori, layout_basic, minmay_pentomino_t4
D:2:      layout_rooms, shapermc_ecumenical_altar_mp_urbaneastern,
          minmay_strange_pillars
D:3:      layout_loops_corners, nicolae_overflow_two_pavilions,
          grunt_ministairs_5
D:4:      layout_basic

Skill      XL: |  1  2  3  4 |
---------------+-------------+-----
Transmutations | 1 2 |  2.0
Spellcasting   | 3 |  3.2
Air Magic      | 1 |  1.3
Poison Magic   | 4 |  4.1
Dodging        | |  1.7
Stealth        | |  1.7

Action                     |  1- 3 |  4- 6 || total
---------------------------+-------+-------++-------
  Melee: Unarmed           |     4 |       ||     4
         Dagger            |    23 |    12 ||    35
         Punch             |     1 |       ||     1
         Tailslap          |       |     3 ||     3
   Cast: Sting             |    59 |    45 ||   104
         Poisonous Vapours |       |     8 ||     8
    Use: Scroll            |     2 |     2 ||     4
         Potion            |       |     2 ||     2
 Armour: Robe              |    18 |    39 ||    57
  Dodge: Dodged            |    37 |    26 ||    63

Table legend: (Time is in decaauts)
 A = Elapsed time spent in this place.
 B = Non-inter-level travel time spent in this place.
 C = Inter-level travel time spent in this place.
 D = Time resting spent in this place.
 E = Time spent auto-exploring this place.
 F = Levels seen in this place.
 G = Mean time per level.
                   A        B        C        D        E       F      G
               +--------+--------+--------+--------+--------+-----+--------+
         Total |   3416 |   3305 |    111 |     35 |   2730 |   4 |  854.0 |
       Dungeon |   3416 |   3305 |    111 |     35 |   2730 |   4 |  854.0 |
               +--------+--------+--------+--------+--------+-----+--------+

Top non-repeatable levels by time:
     D:3: 1143 daAuts
     D:1: 918 daAuts
     D:2: 859 daAuts
     D:4: 494 daAuts
